Cogmind - Beta 13 X1 @@@ ROGUE MODE // 2023.06.24 @ 00:43:23 Player: CatPlusPlus Result: Smashed by cave-in Performance ------------- Evolutions (0) 0 Regions Visited (2) 400 Robots Destroyed (34) 170 Value Destroyed (722) 722 Prototype IDs (3) 60 Alien Tech Used (0) 0 Bonus (0) 0 TOTAL SCORE: 1352 Bonus ------- None Cogmind --------- Core Integrity 0/250 Matter 270/300 Energy 160/160 System Corruption 3% Temperature Cool (0) Movement Walking (330) Ox3 Location -10/Subcaves Parts ------- > --- POWER (1) -------- Light Nuclear Core > --- PROPULSION (2) --- Aluminum Leg > --- UTILITY (2) ------ Large Storage Unit Light Armor Plating > --- WEAPON (2) ------- Light Cannon > --- INVENTORY (15) --- Subdweller Power Source Aluminum Leg Aluminum Leg High-capacity Matter Pod (29) Subdweller Optics Signal Interpreter Improved Terrain Scanner Seismic Detector Targeting Computer ECM Suite Hacking Suite Assault Rifle Mining Laser Peak State ------------ > --- POWER ------------ Light Nuclear Core > --- PROPULSION ------- Aluminum Leg Aluminum Leg > --- UTILITY ---------- Large Storage Unit Light Armor Plating > --- WEAPON ----------- Light Cannon Grenade Launcher > --- INVENTORY -------- Aluminum Leg Aluminum Leg High-capacity Matter Pod Signal Interpreter Improved Terrain Scanner Seismic Detector Targeting Computer ECM Suite Hacking Suite Assault Rifle Mining Laser [Rating: 10] Favorites ----------- Power Light Ion Engine Engine Light Ion Engine Power Core Light Nuclear Core Propulsion Aluminum Leg Leg Aluminum Leg Utility Seismic Detector Device Seismic Detector Storage Small Storage Unit Protection Light Armor Plating Weapon Assault Rifle Ballistic Gun Assault Rifle Ballistic Cannon Light Cannon Launcher Grenade Launcher Special Weapon Mining Laser Special Melee Weapon Datajack Build | -11 -10 -10 ------- Run | Jun Mat Sub Slots Evolved . | . . . Power . | . . . Propulsion . | . . . Utility . | . . . Weapon . | . . . Parts Attached 40 | 8 32 . Power 6 | 2 4 . Engine 5 | 2 3 . Core 1 | . 1 . Reactor . | . . . Propulsion 6 | 2 4 . Treads . | . . . Leg 6 | 2 4 . Wheel . | . . . Hover . | . . . Flight . | . . . Utility 9 | 2 7 . Device 3 | 1 2 . Storage 5 | 1 4 . Processor . | . . . Hackware . | . . . Protection 1 | . 1 . Artifact . | . . . Weapon 19 | 2 17 . Energy Gun . | . . . Energy Cannon . | . . . Ballistic Gun 7 | 2 5 . Ballistic Cannon 3 | . 3 . Launcher 2 | . 2 . Special Weapon 6 | . 6 . Impact Weapon . | . . . Slashing Weapon . | . . . Piercing Weapon . | . . . Special Melee Weapon 1 | . 1 . Unidentified Prototypes . | . . . Parts Lost 7 | . 5 2 Power 2 | . 2 . Propulsion 2 | . 1 1 Utility . | . . . Weapon 3 | . 2 1 Highest Loss Streak 2 | . 2 2 To Critical Strikes . | . . . Average Slot Usage (%) 97 | . 97 100 Engine 12 | . 13 . Core 1 | . . 14 Leg 27 | . 27 28 Device 10 | . 10 . Storage 14 | . 14 14 Protection 3 | . 2 14 Ballistic Gun 15 | . 16 . Ballistic Cannon 6 | . 5 14 Launcher 1 | . . 14 Special Weapon 4 | . 4 . Naked Turns . | . . . Heaviest Build 34 | 14 34 34 Greatest Support 20 | 20 20 20 Greatest Overweight (x) 2 | 2 1 1 Average Overweight (x) . | . . 1 Largest Inventory Capacity 15 | 8 15 15 Average Capacity 10 | 7 10 15 Most Carried 13 | 6 12 13 Average Carried 9 | 2 9 11 Final Capacity 15 | 8 15 15 Final Carried 13 | 6 11 13 Class Distribution -------------------- 90% | Mutant 9% | Scavenger-Mutant Dominant Class ---------------- Mutant | -10/Materials Mutant | -10/Subcaves Resources | -11 -10 -10 ----------- Run | Jun Mat Sub Matter Collected 1173 | 352 709 112 Remotely . | . . . Salvage Created 1117 | 138 829 150 Parts 74 | 10 53 11 Haulers Intercepted 2 | . 2 . Recyclers Shooed 1 | . 1 . Parts Field Recycled . | . . . Retrieved Matter . | . . . Parts Self-Destructed 6 | . . 6 Prevented . | . . . Kills | -11 -10 -10 ------- Run | Jun Mat Sub Combat Hostiles Destroyed 21 | . 16 5 Guns 12 | . 12 . Cannons 4 | . 3 1 AOE 5 | . 1 4 Classes Destroyed 9 | 2 6 1 Worker 1 | . 1 . Tunneler 4 | 3 1 . Hauler 2 | . 2 . Recycler 2 | 1 1 . Operator 1 | . 1 . Watcher 3 | . 3 . Swarmer 6 | . 6 . Grunt 10 | . 10 . Subdweller 5 | . . 5 Best Kill Streak 6 | 1 6 3 Combat Bots Only 5 | . 5 3 Max Kills in Single Turn 2 | 1 2 1 Gunslinging . | . . . Exploded 1 | . 1 1 Melee . | . . . Uniques/NPCs Destroyed . | . . . Combat | -11 -10 -10 -------- Run | Jun Mat Sub Damage Taken 1207 | . 823 384 Core 274 | . 148 126 Absorbed by Shields . | . . . Regen/Repaired (Parts) 94 | . 94 . Core Remaining (%) 100 | 100 . . Volleys Fired 124 | 12 101 11 Largest 2 | 2 2 1 Hottest 100 | 40 100 35 Shots Fired 193 | 24 158 11 Gun 149 | 24 125 . Cannon 17 | . 15 2 Launcher 10 | . 1 9 Special 17 | . 17 . Kinetic 166 | 24 140 2 Thermal 17 | . 17 . Explosive 10 | . 1 9 Electromagnetic . | . . . Robot Hit Streak 15 | 6 15 4 Robot Miss Streak 6 | 2 6 . Penetration Max . | . . . Secondary Targets 1 | . 1 . Max Gunslinging Chain 1 | . 1 . Shots Hit Robots 108 | 14 91 3 Core Hits 53 | 4 39 10 Critical Kills . | . . . Critical Parts Destroyed 1 | . 1 . Critical Strikes 2 | . 2 . Destroy 1 | . 1 . Blast 1 | . 1 . Melee Attacks . | . . . Impact . | . . . Slashing . | . . . Piercing . | . . . Sneak Attacks . | . . . Combat Hostiles . | . . . Follow-up Attacks . | . . . Damage Inflicted 1928 | 178 1277 473 Guns 1225 | 178 1047 . Cannons 171 | . 155 16 Explosions 528 | . 71 457 Melee . | . . . Ramming 4 | . 4 . Kinetic 1396 | 178 1202 16 Thermal . | . . . Explosive 528 | . 71 457 Electromagnetic . | . . . Impact . | . . . Slashing . | . . . Piercing . | . . . Highest Corruption . | . . . Average Corruption . | . . . Corruption Purged . | . . . Corruption Blocked . | . . . Overload Shots . | . . . Overflow Damage . | . . . Projectiles . | . . . Explosions . | . . . Melee . | . . . Knockbacks 1 | . 1 . Impact . | . . . Kinetic 1 | . 1 . Secondary . | . . . Self-Inflicted Damage 15 | . 15 . Shots 1 | . 1 . Rammed . | . . . Targets Rammed 2 | . 2 . Kicked 2 | . 2 . Crushed . | . . . Highest Temperature 66 | . 66 . Average Temperature 20 | . 20 . Received Heat Transfer 360 | . 354 6 Siege Activations . | . . . Robots Corrupted . | . . . Combat Hostiles . | . . . Parts Fried . | . . . Impact Corruptions . | . . . Robots Melted . | . . . Combat Hostiles . | . . . Parts Melted . | . . . Heat Transferred . | . . . Parts Sabotaged . | . . . Parts Stolen . | . . . Parts Stripped . | . . . Power Chain Reactions . | . . . Missiles Intercepted . | . . . Alert | -11 -10 -10 ------- Run | Jun Mat Sub Peak Influence 151 | 20 151 . Initial 13 | . 13 . Average 61 | 8 64 . Maximum Alert Level . | . . . Low Security (%) 100 | 100 100 . Level 1 . | . . . Level 2 . | . . . Level 3 . | . . . Level 4 . | . . . Level 5 . | . . . High Security . | . . . Max Security . | . . . Squads Dispatched 3 | . 3 . Investigation 2 | . 2 . Extermination . | . . . Reinforcement 1 | . 1 . Assault . | . . . Garrison . | . . . Intercept . | . . . Searches Triggered . | . . . Construction Impeded . | . . . Haulers Reinforced . | . . . Active Scanning Responses . | . . . Cargo Convoy Interrupts . | . . . Stealth | -11 -10 -10 --------- Run | Jun Mat Sub Distress Signals 2 | . 2 . Communications Jammed . | . . . Distress Signals . | . . . Times Spotted 36 | . 31 5 Peak Tracking Total 5 | . 5 2 Tactical Retreats 2 | . 2 . Traps | -11 -10 -10 ------- Run | Jun Mat Sub Traps Triggered . | . . . Indirectly . | . . . Trap Hack Attempts . | . . . Triggered . | . . . Disarmed . | . . . Reprogrammed . | . . . Reused . | . . . Traps Extracted . | . . . Installed . | . . . Triggered . | . . . Machines | -11 -10 -10 ---------- Run | Jun Mat Sub Machines Disabled . | . . . Max in Single Turn . | . . . Machines Repaired . | . . . Machines Sabotaged . | . . . Overloaded Fab Kills . | . . . Hacking | -11 -10 -10 --------- Run | Jun Mat Sub Machines Accessed 8 | . 8 . Terminals 6 | . 6 . Fabricators . | . . . Repair Stations 1 | . 1 . Recycling Units 1 | . 1 . Scanalyzers . | . . . Garrison Access . | . . . Total Hacks 26 | . 26 . Successful 13 | . 13 . Failed 13 | . 13 . Catastrophic 3 | . 3 . Database Lockouts . | . . . Manual 15 | . 15 . Terminals 19 | . 19 . Fabricators . | . . . Repair Stations 3 | . 3 . Recycling Units 4 | . 4 . Scanalyzers . | . . . Garrison Access . | . . . Terminal Hacks 8 | . 8 . Robot Analysis 2 | . 2 . Prototype ID Bank 2 | . 2 . Branch Access Points 1 | . 1 . Unreport Threat 1 | . 1 . Locate Traps 2 | . 2 . Fabricator Hacks . | . . . Repair Station Hacks 2 | . 2 . Scan Component 1 | . 1 . Repair 1 | . 1 . Recycling Unit Hacks 1 | . 1 . Report Inventory 1 | . 1 . Scanalyzer . | . . . Garrison Access Hacks . | . . . Unauthorized Hacks 2 | . 2 . Terminals . | . . . Fabricators . | . . . Repair Stations . | . . . Recycling Units 2 | . 2 . Reject 1 | . 1 . Tunnel 1 | . 1 . Scanalyzers . | . . . Garrison Access . | . . . Data Cores Recovered . | . . . Used . | . . . Hacking Detections 7 | . 7 . Full Trace Events 1 | . 1 . Feedback Events . | . . . Feedback Blocked . | . . . Robot Schematics Acquired . | . . . Robots Built . | . . . Authchips . | . . . Time . | . . . Total Robot Build Rating . | . . . Part Schematics Acquired . | . . . Parts Built . | . . . Authchips . | . . . Time . | . . . Total Part Build Rating . | . . . Parts Repaired 1 | . 1 . Time 26 | . 26 . Parts Recycled . | . . . Recycled Matter . | . . . Retrieved Matter . | . . . Retrieved Components . | . . . Parts Scanalyzed . | . . . Part Schematics Acquired . | . . . Parts Damaged . | . . . Bothacking | -11 -10 -10 ------------ Run | Jun Mat Sub Used RIF Installer . | . . . Robots Hacked . | . . . Non-combat . | . . . Combat . | . . . Robot Hacks Applied . | . . . Relay Couplers Released . | . . . Fabnet Peak Effective % . | . . . Robots Rewired . | . . . Allies Hacked . | . . . Hacks Repelled . | . . . Allies | -11 -10 -10 -------- Run | Jun Mat Sub Total Allies . | . . . Largest Group . | . . . Highest-Rated Group . | . . . Highest-Rated Ally . | . . . Total Orders . | . . . Ally Attacks . | . . . Total Damage . | . . . Kills . | . . . Allies Corrupted . | . . . Allies Melted . | . . . Intel | -11 -10 -10 ------- Run | Jun Mat Sub Robot Analysis Total 2 | . 2 . Derelict Logs Recovered 1 | . . 1 Drone Launches . | . . . Drone Recoveries . | . . . Exploration | -11 -10 -10 ------------- Run | Jun Mat Sub Turns Passed 2747 | 127 2426 194 Spaces Moved 1464 | 62 1313 89 Core 9 | 9 . . Treads . | . . . Legs 1455 | 53 1313 89 Wheels . | . . . Hover . | . . . Flight . | . . . Fastest Speed 50 | 50 120 190 Average Speed 138 | 119 136 190 Slowest Speed 190 | 150 190 190 Overloaded Moves . | . . . Propulsion Burnouts . | . . . Robots Hopped . | . . . Cave-ins Triggered 1 | . . 1 Exploration Rate (%) 37 | 4 99 9 Regions Visited 2 Branch Regions 1 Pre-discovered Areas 1 | . 1 . Known Exits Taken . | . . . Unknown Exits Taken 2 | 1 1 . Scrap Searched . | . . . Spaces Dug 15 | . 15 . Terrain Destroyed 60 | . 24 36 Melee . | . . . Projectile 15 | . 15 . AOE 45 | . 9 36 Terrain Rammed . | . . . Walls Destroyed . | . . . Machines Disabled . | . . . Actions | -11 -10 -10 --------- Run | Jun Mat Sub Total 1944 | 87 1754 103 Wait 274 | . 273 1 Move 1462 | 61 1312 89 Hop . | . . . Pick Up 19 | 5 12 2 Fast Attach 19 | 8 11 . Attach 3 | . 3 . Detach 4 | 1 3 . Swap 18 | . 18 . Drop 18 | . 18 . Fire 124 | 12 101 11 Melee . | . . . Ram . | . . . Kick 2 | . 2 . Crush . | . . . Escape Stasis . | . . . Rewire 1 | . 1 . Trap . | . . . Miscellaneous . | . . . Route ------- -11/Junkyard -10/Materials (discovered 5 exits: [*Mat x3] / *Min / [*Sub]) -10/Subcaves (discovered 1 exit: [*Mat]) History --------- Turn | Location | Event 12 | -11/Junkyard | Discovered new exit (range 16) 128 | -11/Junkyard | Entered Materials 231 | -10/Materials | Discovered new exit (range 9) 300 | -10/Materials | Build established: Mutant 541 | -10/Materials | Discovered new exit (range 10) 781 | -10/Materials | Discovered new exit (range 8) 884 | -10/Materials | Repaired Assault Rifle 1169 | -10/Materials | Core integrity fell below 50% 1337 | -10/Materials | Discovered new exit (range 8) 1670 | -10/Materials | Identified exit to Mines 1869 | -10/Materials | Discovered new exit (range 8) 2554 | -10/Materials | Entered Subcaves 2572 | -10/Subcaves | Learned 2 Materials zone layouts 2627 | -10/Subcaves | Discovered new exit (range 15) 2749 | -10/Subcaves | Crushed by falling debris 2749 | -10/Subcaves | Smashed by cave-in Last Messages --------------- 02666_ X7-ZMN(R) destroyed. 02672_ Acquired 44 matter. 02675_ The unstable cave ceiling collapses. 02676_ Heat Sink fries itself beyond repair. 02676_ NG-EIX(R) destroyed. 02680_ TE-W4L(R) destroyed. 02683_ Imp. Ion Engine fries itself beyond repair. 02686_ Acquired Sub. Power Source. 02689_ Acquired 22 matter. 02692_ Acquired 5 matter. 02697_ The unstable cave ceiling collapses. 02708_ Acquired 9 matter. 02711_ Acquired Sub. Optics. 02716_ Acquired 27 matter. 02719_ The unstable cave ceiling collapses. 02749_ Crushed by falling debris. 02749_ Grenade Launcher destroyed. 02749_ System corrupted by crushing effect (+1). 02749_ Aluminum Leg destroyed. 02749_ System corrupted by crushing effect (+2). Map ----- +----------------------------------------------------+ | | | | | | | | | | | ?????????????????????????????????????????????????? | | ?????????????????????????????????????????????????? | | ?????????????????????????????????????????????????? | | ?????????????????????????????????????????????????? | | ?????????????????????????????????????????????????? | | ?????????????????????????????????????????????????? | | ?????????????????????????????????????????????????? | | ?????????????????????????????????????????????????? | | ?????????????????????????????????????????????????? | | ?????????????????????????????????????????????????? | | ??????????????????????###????????????????????????? | | ?????????????????????## ###?????????????????????? | | ????????????????????## $ ##?????????????????????? | | ?????????????????????$ $ #####?????????????????? | | ##??###??????????????## # # #######???????????? | | #### ##???????####### # # """#???????????? | | ## ##??????# # ### #&&! #""""" #??????????? | | #####??## < <% & !<" #????????????? | | #### &&*# # " ##????????????? | | ## ### #?????????????? | | # # # #@" ## #?????????????? | | # ### ## # ## ##??????? ?? | | # #### ###"## """##### ?? | | ## ## # # #### # ?? | | ## ## ## ""#?## [ #??????? | | #### # # ### # "?## [ # # ##??????? | | ##??# ## ###??###### "#""# ###?##???????? | | ## #?##?????????##"" """"" #????????????? | | # #?????????????#""""" " """ #????????????? | | ## ## #?????????????""""###" "" #????????????? | | ## ? #???????????????""??#######????????????? | | # ? % ###??????????????????????????????????????? | | ?## ????????????????????????????????????????? | | ^ ??# #????????????????????????????????????????? | | ^ ??% ????????????????????????????????????????? | | ??? #????????????????????????????????????????? | | #????# ????????????????????????????????????????? | | ?????# ????????????????????????????????????????? | | ??????# ????????????????????????????????????????? | | ??????? ????????????????????????????????????????? | | ???????# ????????????????????????????????????????? | | ???????? ????????????????????????????????????????? | | ?????????????????????????????????????????????????? | | ?????????????????????????????????????????????????? | | ?????????????????????????????????????????????????? | +----------------------------------------------------+ Best States ------------- Heat Dissipation 25 Energy Generation 14 Energy Capacity 250 Matter Stores 300 Matter Capacity 300 Sight Range 16 Terrain Scan Density 10 Armor Coverage 150 Evasion (%) 55 Item Schematics ----------------- None Robot Schematics ------------------ None Fabricated ------------ Nothing Alien Tech Used ----------------- None Achievements -------------- None Challenges ------------ None Game ------ Seed PhasingGravitonStick Manual? 0 Play Time 00:34:10 Cumulative 27.9 hours Start 2023.06.23 @ 23:53:25 End 2023.06.24 @ 00:43:23 Sessions 1 Manual Loads 0 Difficulty Rogue Special Mode None Game No. 21 Rogue 21 Adventurer 0 Explorer 0 Win Type - Total 1 Types 1/0/0/0/0/0/0/0/0 Lore% 18 Gallery% 28 Achievement% 26 Wizard Run 0 Options --------- ASCII 0 Keyboard 1 Movement Numpad Keybinds 0 Fullscreen 2 Font 24/Terminus Map View 76x50 Tactical HUD 1 Map Filters NONE Filters NONE Steam 1 RUN: 386803b3-c7f5-4ff2-af21-f5c2d06a2a0e